 Dungeon Crawl Stone Soup version 0.30.0-29-ga12c61a403 (webtiles) character file.

Game seed: 655032437503051272

80 Ijustatesigmund the Stinger (level 4, 0/29 HPs)
             Began as an Octopode Venom Mage on June 19, 2023.
             Slain by an orc
             ... wielding a +0 flail
              (10 damage)
             ... on level 3 of the Dungeon.
             The game lasted 00:03:34 (1737 turns).

Ijustatesigmund the Stinger (Octopode Venom Mage)   Turns: 1737, Time: 00:03:34

Health: 0/29       AC:  1    Str:  7    XL:     4   Next: 39%
Magic:  5/8        EV: 13    Int: 19    God:
Gold:   96         SH:  5    Dex: 12    Spells: 5/8 levels left

rFire   . . .        f - +2 flail (heavy)
rCold   . . .        (no shield)
rNeg    . . .        (helmet restricted)
rPois   .            h - amulet of reflection
rElec   .            (no ring)
rCorr   .            (no ring)
SInv    .            (no ring)
Will    .....        (no ring)
Stlth   +++          (no ring)
HPRegen 0.24/turn    (no ring)
MPRegen 0.11/turn    (no ring)
                     (no ring)

%: reflection
@: no status effects
A: almost no armour, amphibious, 8 rings, camouflage 1, gelatinous body 1,
(nimble swimmer 1), tentacles
a: no special abilities


You were on level 3 of the Dungeon.
You visited 1 branch of the dungeon, and saw 3 of its levels.

You collected 96 gold pieces.

Inventory:

Hand Weapons
 f - a +2 heavy flail (weapon)
Jewellery
 h - an amulet of reflection (around mantle)
Wands
 i - a wand of flame (14)
Scrolls
 b - 2 scrolls of amnesia {unknown}
 c - a scroll of acquirement {unknown}
 k - a scroll of fear {unknown}
 l - a scroll of fog {unknown}
 o - a scroll of identify {unknown}
Potions
 a - 2 potions of magic
 d - 2 potions of might {unknown}
 e - 2 potions of curing {unknown}
 g - a potion of mutation {unknown}
 j - a potion of resistance {unknown}
 m - 2 potions of flight {unknown}
 n - a potion of brilliance {unknown}


   Skills:
 + Level 2.0 Fighting
 - Level 2.0 Dodging
 - Level 2.6 Stealth
 + Level 2.9 Spellcasting
 - Level 1.0 Transmutations
 + Level 4.6 Poison Magic


You had 5 spell levels left.
You knew the following spells:

 Your Spells              Type           Power      Damage    Failure   Level
a - Sting                 Tmut/Pois      52%        1d5       4%          1
b - Poisonous Vapours     Pois/Air       22%        N/A       9%          2

Your spell library contained the following spells:

 Spells                   Type           Power      Damage    Failure   Level
 Passwall                 Tmut/Erth      3%         N/A       19%         2
 Olgreb's Toxic Radiance  Pois           20%        N/A       22%         4
 Ensorcelled Hibernation  Hex/Ice        4%         N/A       24%         2
 Mephitic Cloud           Conj/Pois/Air  8%         N/A       24%         3
 Swiftness                Air            2%         N/A       43%         3


Dungeon Overview and Level Annotations

Branches:
Dungeon (3/15)

Altars:

Shops:
D:1 :   D:2 [


Innate Abilities, Weirdness & Mutations

You cannot wear most types of armour.
You are amphibious.
You can wear up to eight rings at the same time.
Your skin changes colour to match your surroundings (Stealth+).
Your rubbery body absorbs attacks. (AC +1, EV +1)
((You are camouflaged when in or above water. (Stealth+)))
You have tentacles for arms and can constrict up to eight enemies at once.


Message History

You add the spells Passwall, Ensorcelled Hibernation and Swiftness to your library.
Found a short sword.
You see here a +0 short sword.
An orc comes into view. It is wielding a +0 war axe.
Casting: Poisonous Vapours (safe; 9% risk of failure)
Confirm with . or Enter, or press ? or * to list all spells.
Aiming: Poisonous Vapours (safe; 9% risk of failure)
Press: ? - help, Dir - move target, f - orc
Aim: an orc, wielding a +0 war axe (asleep) Poisonous vapours surround the orc!
The orc is poisoned.
The orc shouts!
You hear a shout! x2
An orc comes into view. It is wielding a +0 flail.
Casting: Poisonous Vapours (safe; 9% risk of failure)
Confirm with . or Enter, or press ? or * to list all spells.
Aiming: Poisonous Vapours (safe; 9% risk of failure)
Press: ? - help, Dir - move target, f/p - orc
Aim: an orc, wielding a +0 war axe (lightly wounded, poisoned) Poisonous vapours surround the orc!
The orc looks even sicker.
An orc comes into view. It is wielding a +0 flail.
You closely miss the orc.
The orc shouts!
Your grab misses the orc.
The orc is heavily wounded.
You hear a shout!
The orc closely misses you.
You barely miss the orc. Your grab misses the orc. You squeeze the orc.
You kill the orc!
The orc barely misses you.
An orc comes into view. It is wielding a +0 short sword.
The orc misses you. x2
You completely miss the orc. Your grab misses the orc.
You block the orc's attack. The orc closely misses you.
The orc hits you with a +0 flail! You block the orc's attack.
The orc misses you.
You hit the orc but do no damage. Your grab misses the orc.
The orc hits you with a +0 flail.
An orc comes into view. It is wielding a +0 dagger.
The orc barely misses you. The orc hits you with a +0 flail. x2
The orc hits you with a +0 flail!
You die...

###########
#..........
#..........
##..........
#...........
##...........
####....@o..?...
####....#..oo......
####....########.#####
#..).#### o# ###.####
# #...# ..### ### #


You could see 4 orcs.

Vanquished Creatures
  A gnoll (D:1)
  An adder (D:2)
  A worm (D:2)
  A dart slug (D:1)
  An orc (D:3)
  4 bats
  8 endoplasms
  3 giant cockroaches
  A goblin (D:1)
  4 hobgoblins
  3 jackals (D:2)
  2 quokkas
  5 ball pythons
  3 frilled lizards
  8 kobolds
  5 rats
51 creatures vanquished.

Notes
Turn   | Place    | Note
-------+----------+-------------------------------------------
     0 | D:1      | Ijustatesigmund the Octopode Venom Mage began the quest for
                  | the Orb.
     0 | D:1      | Reached XP level 1. HP: 11/11 MP: 3/3
   158 | D:1      | Found Derop's Book Shop.
   229 | D:1      | Reached XP level 2. HP: 18/18 MP: 0/5
   232 | D:1      | Learned a level 2 spell: Poisonous Vapours
   390 | D:1      | Reached skill level 1 in Fighting
   416 | D:1      | Reached skill level 4 in Poison Magic
   419 | D:1      | Reached XP level 3. HP: 12/23 MP: 2/6
  1282 | D:2      | Reached XP level 4. HP: 29/29 MP: 5/8
  1370 | D:2      | Found Agonufic's Armour Emporium.
  1737 | D:3      | Slain by an orc

Illustrated notes

Levels and vault maps discovered:
D:1:      dpeg_arrival_signposts, layout_basic, serial_shops, shop
D:2:      layout_rooms, serial_shops, shop
D:3:      minmay_chambers_of_twos, layout_rooms, minmay_mini_jars

Skill      XL: |  1  2  3  4 |
---------------+-------------+-----
Fighting       | 1 2 |  2.0
Poison Magic   | 4 |  4.6
Dodging        | |  2.0
Stealth        | |  2.6
Spellcasting   | |  2.9
Transmutations | |  1.0

Action                     |  1- 3 |  4- 6 || total
---------------------------+-------+-------++-------
  Melee: Unarmed           |     8 |       ||     8
         Constrict         |     7 |     4 ||    11
         Tentacles         |     3 |     6 ||     9
         Flail             |    20 |    27 ||    47
   Cast: Sting             |    23 |       ||    23
         Poisonous Vapours |     9 |     8 ||    17
  Evoke: Wand              |     2 |       ||     2
   Stab: Sleeping          |     2 |     1 ||     3
 Armour: Skin              |     2 |       ||     2
  Dodge: Dodged            |    10 |    26 ||    36
  Block: Other             |     2 |    14 ||    16
         Reflection        |       |     1 ||     1
